[Event "ICC tourney 2833 (40 10)"]
[Site "Internet Chess Club"]
[Date "2022.02.26"]
[Round "4"]
[White "Ledas, Armandas:ArmandasLedas"]
[Black "JACKSON, MASSIMO MATEO:Yeetamus123"]
[Result "0-1"]
[ICCResult "White resigns"]
[WhiteElo "1361"]
[BlackElo "1470"]
[Opening "Sicilian: accelerated fianchetto, Maróczy bind"]
[ECO "B38"]
[NIC "SI.33"]
[Time "17:45:12"]
[PlyCount "26"]
[TimeControl "2400+10"]

1. e4 c5 2. Nf3 Nc6 3. d4 cxd4 4. Nxd4 g6 5. c4 Nf6 6. Nc3 Bg7 7. Be3 d6 8.
f3 O-O 9. Be2 Qb6 10. Qd2 Nxe4 11. fxe4 Bxd4 12. Bxd4 Nxd4 13. O-O Nf3+
{White resigns}
0-1

[Event "ICC tourney 2833 (40 10)"]
[Site "Internet Chess Club"]
[Date "2022.02.26"]
[Round "4"]
[White "DUDEK, CASIMIR:K06-30101045"]
[Black "LIN, LEIA:K05-17110828"]
[Result "0-1"]
[ICCResult "White resigns"]
[WhiteElo "1713"]
[BlackElo "1316"]
[Opening "Sicilian defense"]
[ECO "B33"]
[NIC "SI.34"]
[Time "17:45:22"]
[PlyCount "30"]
[TimeControl "2400+10"]

1. e4 c5 2. Nf3 Nc6 3. d4 cxd4 4. Nxd4 Nf6 5. Nc3 e6 6. a3 Bc5 7. Nb3 Be7 8.
Be3 O-O 9. f3 a6 10. Qd2 b5 11. Bd3 Bb7 12. g4 d5 13. exd5 exd5 14. g5 d4
15. Be4 Nxe4 {White resigns} 0-1

[Event "ICC tourney 2833 (40 10)"]
[Site "Internet Chess Club"]
[Date "2022.02.26"]
[Round "4"]
[White "Vishwa, Susheel:sushivishwa"]
[Black "JING, ANDREW:andrewj508"]
[Result "1-0"]
[ICCResult "Black checkmated"]
[WhiteElo "1776"]
[BlackElo "1466"]
[Opening "Scotch gambit: Dubois-Réti defense"]
[ECO "C55"]
[NIC "KP.02"]
[Time "17:45:12"]
[PlyCount "67"]
[TimeControl "2400+10"]

1. e4 e5 2. Nf3 Nc6 3. Bc4 Nf6 4. d4 exd4 5. e5 d5 6. Bb5 Ne4 7. Nxd4 Bd7 8.
Bxc6 bxc6 9. O-O Bc5 10. f3 Ng5 11. f4 Ne4 12. Nc3 Nxc3 13. bxc3 O-O 14. f5
Re8 15. Qe1 Qe7 16. e6 fxe6 17. f6 Qd6 18. f7+ Kh8 19. fxe8=Q+ Rxe8 20. Kh1
e5 21. Nb3 Bb6 22. a4 a5 23. Ba3 Qg6 24. Qd2 e4 25. Rf8+ Rxf8 26. Bxf8 e3
27. Qe1 Qxc2 28. Nc5 Bf5 29. Qxe3 Be4 30. Qg3 Bg6 31. Qe5 Qxg2+ 32. Kxg2
Be4+ 33. Nxe4 dxe4 34. Qxg7# {Black checkmated} 1-0

[Event "ICC tourney 2833 (40 10)"]
[Site "Internet Chess Club"]
[Date "2022.02.26"]
[Round "4"]
[White "Mishra, Abhinav:acm9000"]
[Black "WU, NATHAN:nwazus"]
[Result "1-0"]
[ICCResult "Black checkmated"]
[WhiteElo "1242"]
[BlackElo "1152"]
[Opening "Caro-Kann: exchange variation"]
[ECO "B13"]
[NIC "CK.02"]
[Time "17:45:13"]
[PlyCount "65"]
[TimeControl "2400+10"]

1. e4 c6 2. d4 d5 3. exd5 cxd5 4. Nc3 Nc6 5. Nf3 Nf6 6. Bb5 Bd7 7. Bf4 a6 8.
Ba4 e6 9. O-O Be7 10. Re1 O-O 11. Qd2 b5 12. Bb3 Na5 13. Ne5 Rc8 14. Qe3 Nh5
15. Bg3 Nxg3 16. Qxg3 Nc6 17. Ng4 Nxd4 18. Rad1 Nf5 19. Qf3 a5 20. a3 a4 21.
Ba2 b4 22. Nxd5 exd5 23. Rxd5 Nd6 24. Qg3 Be6 25. Rxe6 fxe6 26. Rh5 Kh8 27.
Qh3 h6 28. Nxh6 gxh6 29. Rxh6+ Kg7 30. Rh7+ Kf6 31. Qxe6+ Kg5 32. Rg7+ Kf4
33. Rg4# {Black checkmated} 1-0

[Event "ICC tourney 2833 (40 10)"]
[Site "Internet Chess Club"]
[Date "2022.02.26"]
[Round "4"]
[White "Bharathy Mohan, Aarav Sai:aaravbm"]
[Black "BRUDNO, STEPHEN:StevChess01"]
[Result "0-1"]
[ICCResult "White checkmated"]
[WhiteElo "1004"]
[BlackElo "1449"]
[Opening "Sicilian: closed, 2...Nc6"]
[ECO "B23"]
[NIC "SI.44"]
[Time "17:45:18"]
[PlyCount "90"]
[TimeControl "2400+10"]

1. e4 c5 2. Nc3 Nc6 3. Nf3 a6 4. Be2 e6 5. O-O Qc7 6. d3 Nf6 7. h3 Be7 8.
Qd2 O-O 9. Qf4 Bd6 10. Qh4 Be7 11. Ng5 h6 12. Nf3 d5 13. exd5 exd5 14. Qf4
Qxf4 15. Bxf4 d4 16. Ne4 Nxe4 17. dxe4 Be6 18. Bd3 Rac8 19. a3 Rfd8 20. Nh2
c4 21. Be2 d3 22. cxd3 cxd3 23. Bg4 Bxg4 24. Nxg4 Nd4 25. Be3 Nc2 26. Rac1
Nxe3 27. Rxc8 Rxc8 28. Nxe3 Bf6 29. Nd5 Rc2 30. Nxf6+ gxf6 31. b4 d2 32. Kh2
Rc1 33. Rxc1 dxc1=Q 34. f3 Qxa3 35. Kg3 Qxb4 36. Kf4 Qc5 37. g4 a5 38. h4 a4
39. h5 a3 40. Kg3 a2 41. Kf4 a1=Q 42. Kg3 Qae5+ 43. Kg2 Qf4 44. g5 Qc2+ 45.
Kh3 Qch2# {White checkmated} 0-1

[Event "ICC tourney 2833 (40 10)"]
[Site "Internet Chess Club"]
[Date "2022.02.26"]
[Round "4"]
[White "NEMMALI, PRATEEK R:Priccchess"]
[Black "NATHA, NIRAV:K05-15969775"]
[Result "1-0"]
[ICCResult "Black resigns"]
[WhiteElo "1816"]
[BlackElo "1602"]
[Opening "Pirc: classical (two knights) system"]
[ECO "B08"]
[NIC "PU.10"]
[Time "17:47:20"]
[PlyCount "87"]
[TimeControl "2400+10"]

1. e4 d6 2. d4 Nf6 3. Nc3 g6 4. Nf3 Bg7 5. Be3 Nbd7 6. Bc4 O-O 7. O-O e5 8.
h3 c6 9. a4 Nh5 10. Qd2 Qc7 11. Bh6 exd4 12. Nxd4 Ne5 13. Be2 Nf6 14. Bxg7
Kxg7 15. f4 Ned7 16. Kh1 Re8 17. Bf3 Nf8 18. Rae1 Ne6 19. e5 dxe5 20. fxe5
Ng8 21. Bg4 Nxd4 22. Qxd4 Bxg4 23. e6+ f6 24. Qxg4 Rad8 25. Ne4 f5 26. Rxf5
Nh6 27. Qf4 Qxf4 28. Rxf4 Rxe6 29. Ref1 Nf5 30. Kh2 Rde8 31. Nc3 Re1 32.
R1f2 h5 33. Rd2 Rc1 34. Ne4 Ne3 35. Rd7+ Kh6 36. h4 Ng4+ 37. Kg3 Re1 38. Ng5
R8e3+ 39. Rf3 Rxf3+ 40. gxf3 Rg1+ 41. Kf4 Nf6 42. Rf7 Nd5+ 43. Ke5 Re1+ 44.
Kd6 {Black resigns} 1-0

[Event "ICC tourney 2833 (40 10)"]
[Site "Internet Chess Club"]
[Date "2022.02.26"]
[Round "4"]
[White "Nestler, Matthew:nessie"]
[Black "S.M, UMER:uncrackable"]
[Result "0-1"]
[ICCResult "White checkmated"]
[WhiteElo "1830"]
[BlackElo "1771"]
[Opening "Queen's pawn: London system"]
[ECO "A45"]
[NIC "QP.07"]
[Time "17:45:20"]
[PlyCount "66"]
[TimeControl "2400+10"]

1. d4 Nf6 2. Bf4 g6 3. Nc3 d5 4. Qd2 c5 5. e3 Bg7 6. Nf3 O-O 7. Ne5 cxd4 8.
exd4 Nc6 9. O-O-O Be6 10. f3 Rc8 11. Bh6 Qa5 12. Bxg7 Kxg7 13. h4 Nb4 14.
Qe3 Nxa2+ 15. Kd2 Nxc3 16. bxc3 h5 17. Be2 a6 18. g4 hxg4 19. fxg4 Ne4+ 20.
Ke1 Rxc3 21. Qc1 Rxc2+ 22. Kf1 Rxc1 23. Rxc1 Ng3+ 24. Kg2 Nxh1 25. Rxh1 Qd2
26. Kf3 Qxd4 27. h5 Qxe5 28. hxg6 Qe4+ 29. Kg3 Qxh1 30. Bf3 Qg1+ 31. Kf4
fxg6+ 32. Ke5 Qe3+ 33. Be4 Qxe4# {White checkmated} 0-1

[Event "ICC tourney 2833 (40 10)"]
[Site "Internet Chess Club"]
[Date "2022.02.26"]
[Round "4"]
[White "Laido, Olivia:beibeiolivia"]
[Black "RAMESH, RAHUL:rockinroll"]
[Result "1-0"]
[ICCResult "Black checkmated"]
[WhiteElo "1464"]
[BlackElo "1725"]
[Opening "French: advance, Paulsen attack"]
[ECO "C02"]
[NIC "FR.03"]
[Time "17:45:28"]
[PlyCount "97"]
[TimeControl "2400+10"]

1. e4 e6 2. d4 d5 3. e5 c5 4. c3 Nc6 5. Nf3 Qb6 6. Be2 cxd4 7. cxd4 Nge7 8.
Nc3 Nf5 9. Na4 Qa5+ 10. Bd2 Bb4 11. Bc3 Bd7 12. a3 Bxc3+ 13. Nxc3 Qb6 14.
Na4 Qa5+ 15. Nc3 a6 16. O-O O-O 17. Rc1 b5 18. Bd3 Ncxd4 19. Nxd4 Nxd4 20.
Bxh7+ Kxh7 21. Qxd4 Rac8 22. Qh4+ Kg8 23. f4 Qd8 24. Qh5 f5 25. Kh1 Rc4 26.
Qe2 Qh4 27. Qd2 Kf7 28. Rf3 Ke8 29. Rcf1 d4 30. Ne2 Bc6 31. Rg3 Rh8 32. h3
Be4 33. Kh2 Rc2 34. Qxd4 Rxe2 35. Qc3 Rc2 36. Qb3 Kf7 37. Rd1 Qe7 38. Rd6
Rc6 39. Rd4 Rd8 40. Qd1 Rxd4 41. Qxd4 Rc4 42. Qb6 Qb7 43. Qd8 Bd5 44. Qh8 g6
45. Qf6+ Ke8 46. Rxg6 Rc7 47. Rg8+ Kd7 48. Qd8+ Kc6 49. Qd6# {Black
checkmated} 1-0

[Event "ICC tourney 2833 (40 10)"]
[Site "Internet Chess Club"]
[Date "2022.02.26"]
[Round "4"]
[White "QI, JENNY:eevee11"]
[Black "SCHWETKE, DOUGLAS:Bilbo"]
[Result "0-1"]
[ICCResult "White forfeits on time"]
[WhiteElo "1402"]
[BlackElo "1495"]
[Opening "Sicilian: Najdorf"]
[ECO "B90"]
[NIC "SI.14"]
[Time "17:45:11"]
[PlyCount "72"]
[TimeControl "2400+10"]

1. e4 c5 2. Nf3 d6 3. d4 cxd4 4. Nxd4 Nf6 5. Nc3 a6 6. f3 e5 7. Nb3 Be7 8.
Be3 Be6 9. Qd2 O-O 10. O-O-O a5 11. Kb1 a4 12. Nc1 a3 13. b3 Nc6 14. g4 Nb4
15. g5 Nh5 16. N1e2 Rc8 17. Rc1 d5 18. exd5 Nxd5 19. Nxd5 Bxd5 20. Bg2 f5
21. h4 f4 22. Bf2 Qd6 23. Rcd1 Rfd8 24. Qe1 Qc6 25. c4 Bxf3 26. Bxf3 Qxf3
27. Bb6 Rxd1+ 28. Qxd1 Qe4+ 29. Ka1 Bb4 30. c5 f3 31. Qd7 Qxe2 32. Qxc8+ Kf7
33. Qd7+ Kg6 34. Qe6+ Nf6 35. h5+ Kxg5 36. Rg1+ Kh6 {White forfeits on time}
0-1

[Event "ICC tourney 2833 (40 10)"]
[Site "Internet Chess Club"]
[Date "2022.02.26"]
[Round "4"]
[White "SARAFUDINOV, ANDREY:whyyoutrysohard"]
[Black "SHANKAR, AASHRITHA VIDHYA:aashushankar"]
[Result "1-0"]
[ICCResult "Black checkmated"]
[WhiteElo "1535"]
[BlackElo "1450"]
[Opening "QGD: Alekhine variation"]
[ECO "D43"]
[NIC "SL.03"]
[Time "17:45:50"]
[PlyCount "303"]
[TimeControl "2400+10"]

1. d4 d5 2. c4 c6 3. Nf3 Nf6 4. Nc3 e6 5. Bg5 Nbd7 6. e4 dxe4 7. Nxe4 Qa5+
8. Bd2 Qc7 9. Nc3 Be7 10. g3 O-O 11. Bf4 Bd6 12. Bxd6 Qxd6 13. Bg2 Qb4 14.
Qb3 Qxb3 15. axb3 Re8 16. O-O e5 17. d5 cxd5 18. cxd5 Nb6 19. Nd2 Bf5 20.
Rfd1 a6 21. Rac1 Rad8 22. Nc4 Nbd7 23. Nd6 Bg4 24. f3 Bxf3 25. Bxf3 Re7 26.
Nce4 Nxe4 27. Nxe4 Nb6 28. d6 Red7 29. Rc7 Rxc7 30. dxc7 Rxd1+ 31. Bxd1 Kf8
32. Nd6 Ke7 33. c8=Q Nxc8 34. Nxc8+ Kd7 35. Bg4+ Kd8 36. Nb6 Kc7 37. Nc4 f6
38. Kf2 Kc6 39. Ke3 Kc5 40. Kd3 b5 41. Nd2 Kd5 42. Bf3+ Kc5 43. Bb7 Kb6 44.
Bc8 a5 45. Ke4 Kc6 46. Nf3 Kc7 47. Ba6 Kb6 48. Bc8 Kc7 49. Be6 Kd6 50. Bg8
h6 51. Nh4 Ke7 52. Nf5+ Kf8 53. Bd5 b4 54. Nd6 Ke7 55. Nb7 Kd7 56. Nxa5 Kd6
57. Nc6 Kc5 58. Nxb4 Kxb4 59. Bc4 Kc5 60. h4 Kd6 61. h5 Ke7 62. b4 Kd6 63.
b5 Kc5 64. b3 Kb6 65. Kf5 Kc5 66. Kg6 e4 67. Kxg7 e3 68. Kxh6 e2 69. Bxe2 f5
70. Kg5 f4 71. Kxf4 Kb6 72. g4 Kc5 73. g5 Kb6 74. g6 Kc5 75. h6 Kb6 76. h7
Ka5 77. g7 Kb6 78. Ke5 Kc5 79. Bf1 Kb6 80. Kd6 Ka5 81. Kc6 Kb4 82. Bc4 Ka5
83. b6 Kb4 84. b7 Ka5 85. Kd7 Kb6 86. b8=Q+ Ka5 87. Qh2 Kb6 88. Ke7 Kc6 89.
Kf7 Kc5 90. Kg8 Kb4 91. Kh8 Kc5 92. Bg8 Kb4 93. Qc2 Kb5 94. Qc4+ Ka5 95. b4+
Kb6 96. Qc5+ Kb7 97. b5 Kb8 98. b6 Ka8 99. Qc6+ Kb8 100. Qc7+ Ka8 101. b7+
Ka7 102. b8=N+ Ka8 103. Qd8 Kb7 104. Nd7 Ka7 105. Ne5 Kb7 106. Nf7 Ka7 107.
Ne5 Kb7 108. Ng6 Kc6 109. Be6 Kb7 110. Bc8+ Kc6 111. Kg8 Kc5 112. Kf8 Kc4
113. Ne7 Kc3 114. Ke8 Kc4 115. h8=B Kb5 116. g8=R Kc4 117. Bg7 Kc5 118. Bf8
Kc4 119. Rh8 Kb5 120. Ng8 Kc4 121. Rh5 Kc3 122. Bd6 Kc4 123. Bc7 Kb4 124.
Nf6 Kc4 125. Nd7 Kb4 126. Ke7 Kc4 127. Kd6 Kc3 128. Rd5 Kc4 129. Kc6 Kc3
130. Kc5 Kb3 131. Rd4 Kc3 132. Kd5 Kc2 133. Kc4 Kc1 134. Kc3 Kb1 135. Rd2
Kc1 136. Kd3 Kb1 137. Rc2 Ka1 138. Kc3 Kb1 139. Kb3 Ka1 140. Be5+ Kb1 141.
Ba1 Kxa1 142. Qf6+ Kb1 143. Qa1+ Kxa1 144. Ne5 Kb1 145. Nc4 Ka1 146. Bf5 Kb1
147. Nd2+ Ka1 148. Nb1 Kxb1 149. Rc3+ Ka1 150. Bb1 Kxb1 151. Rc2 Ka1 152.
Rc1# {Black checkmated} 1-0

[Event "ICC tourney 2833 (40 10)"]
[Site "Internet Chess Club"]
[Date "2022.02.26"]
[Round "4"]
[White "Feng, Jay:TheDeadlyPawn"]
[Black "HOSSAIN, AZHER:Azher2009"]
[Result "0-1"]
[ICCResult "White forfeits on time"]
[WhiteElo "1569"]
[BlackElo "1799"]
[Opening "Queen's pawn, Mason variation"]
[ECO "D00"]
[NIC "QP.08"]
[Time "17:45:10"]
[PlyCount "94"]
[TimeControl "2400+10"]

1. d4 d5 2. Bf4 Nf6 3. e3 e6 4. Nd2 c5 5. c3 Bd6 6. Bg3 O-O 7. Ngf3 Qc7 8.
Bd3 Nbd7 9. O-O e5 10. dxe5 Nxe5 11. Nxe5 Bxe5 12. Bxe5 Qxe5 13. Nf3 Qe7 14.
h3 b6 15. Qe2 Bb7 16. Rfd1 Rfe8 17. Rac1 a6 18. Bc2 Rad8 19. Bb3 b5 20. Kf1
Bc6 21. Kg1 g6 22. Bc2 Nh5 23. Bb3 Kg7 24. Re1 Bb7 25. Rcd1 d4 26. cxd4 Nf4
27. Qf1 Nxh3+ 28. Kh2 Bxf3 29. gxf3 Ng5 30. Qg2 cxd4 31. exd4 Qd6+ 32. Kg1
Qf4 33. Rxe8 Rxe8 34. Bd5 Rd8 35. Be4 f5 36. Bb7 h6 37. Qg3 Rxd4 38. Rxd4
Qxd4 39. Qc7+ Kf6 40. Qc6+ Kf7 41. Bxa6 Nh3+ 42. Kg2 Nf4+ 43. Kg1 Qd1+ 44.
Kh2 Ne2 45. Qc7+ Kf6 46. Qb6+ Kg5 47. Qe3+ Kh5 {White forfeits on time} 0-1

[Event "ICC tourney 2833 (40 10)"]
[Site "Internet Chess Club"]
[Date "2022.02.26"]
[Round "4"]
[White "INDUKURI, SUHAS:K01-16887781"]
[Black "BUENAVISTA, PROSPERO SILOS:perryb"]
[Result "1/2-1/2"]
[ICCResult "Game drawn by mutual agreement"]
[WhiteElo "1458"]
[BlackElo "1675"]
[Opening "Caro-Kann: classical variation"]
[ECO "B18"]
[NIC "CK.10"]
[Time "17:46:03"]
[PlyCount "117"]
[TimeControl "2400+10"]

1. e4 c6 2. d4 d5 3. Nd2 dxe4 4. Nxe4 Bf5 5. Ng3 Bg6 6. Nf3 Nf6 7. Bd3 Bxd3
8. Qxd3 e6 9. Bd2 Nbd7 10. O-O-O Be7 11. Rhe1 O-O 12. Kb1 a5 13. a3 b5 14.
Bf4 a4 15. Ka2 Nd5 16. Bd2 b4 17. Ne4 bxa3 18. bxa3 Qc7 19. Rb1 Rfb8 20. Nc3
Rxb1 21. Rxb1 Nxc3+ 22. Bxc3 Nf6 23. Ne5 Nd5 24. Bd2 f6 25. Nf3 c5 26. c4
Nb6 27. Rc1 Qd6 28. Qe3 Kf7 29. dxc5 Qxc5 30. Bb4 Qxe3 31. fxe3 Bxb4 32.
axb4 Rd8 33. Nd4 e5 34. Nf3 Rd3 35. c5 Nd5 36. Rc4 Nxe3 37. Rc1 Nd5 38. Rc4
Rb3 39. Nd2 Rxb4 40. Rxb4 Nxb4+ 41. Ka3 Nd3 42. c6 Ke7 43. Nc4 Nc5 44. Kb4
Na6+ 45. Kxa4 e4 46. Kb5 Nc7+ 47. Kb6 Kd8 48. Kb7 Nd5 49. Ne3 Nc7 50. Nc4 g6
51. g3 f5 52. Ne3 Ne6 53. Kb8 Nc7 54. Kb7 h5 55. Kb8 Ne6 56. Kb7 Nc7 57. Kb8
Ne8 58. Kb7 Nd6+ 59. Kb8 {Game drawn by mutual agreement} 1/2-1/2

[Event "ICC tourney 2833 (40 10)"]
[Site "Internet Chess Club"]
[Date "2022.02.26"]
[Round "4"]
[White "ALLEN, SPENCER NATHANIEL:SpencerNA"]
[Black "OPASKA, MICHAEL:mopaska1106"]
[Result "1/2-1/2"]
[ICCResult "Game drawn because neither player has mating material"]
[WhiteElo "1622"]
[BlackElo "1759"]
[Opening "Sicilian: Nimzovich-Rossolimo attack (without ...d6)"]
[ECO "B30"]
[NIC "SI.31"]
[Time "17:45:42"]
[PlyCount "119"]
[TimeControl "2400+10"]

1. e4 c5 2. Nf3 Nc6 3. Bb5 e6 4. Nc3 Nge7 5. O-O a6 6. Bxc6 Nxc6 7. d4 cxd4
8. Nxd4 Qc7 9. Be3 Be7 10. Qd2 O-O 11. Bf4 e5 12. Nxc6 dxc6 13. Be3 Be6 14.
Rad1 Rad8 15. Qe2 Qa5 16. Bd2 Qc5 17. b3 Rd7 18. Rc1 Rfd8 19. Nb1 g6 20. Bc3
b5 21. Bb2 h5 22. h3 f6 23. Rfd1 Qb6 24. Rxd7 Rxd7 25. Rd1 Qd8 26. Rxd7 Qxd7
27. Qd2 Qxd2 28. Nxd2 c5 29. c4 Kf8 30. Kf1 Ke8 31. Ke2 Kd7 32. Kd3 Kc6 33.
Bc3 Bd6 34. Nf1 f5 35. f3 f4 36. Nd2 Bc7 37. a3 g5 38. b4 g4 39. hxg4 hxg4
40. fxg4 Bxg4 41. Nf3 cxb4 42. axb4 bxc4+ 43. Kxc4 Be6+ 44. Kd3 Kb5 45. Bxe5
Bxe5 46. Nxe5 Kxb4 47. Kc2 Bb3+ 48. Kd2 a5 49. Nd3+ Kc4 50. Nxf4 Kd4 51. e5
Kxe5 52. Ne2 Ke4 53. Kc3 Be6 54. Nd4 Bd7 55. g3 a4 56. Kc4 Be6+ 57. Nxe6 a3
58. Kb3 Kf3 59. Nd4+ Kxg3 60. Kxa3
{Game drawn because neither player has mating material}
1/2-1/2

[Event "ICC tourney 2833 (40 10)"]
[Site "Internet Chess Club"]
[Date "2022.02.26"]
[Round "4"]
[White "GHOSH, YOHAN:luckylion"]
[Black "GUO, ELLA:SunnyCountry"]
[Result "1/2-1/2"]
[ICCResult "Game drawn by repetition"]
[WhiteElo "995"]
[BlackElo "1379"]
[Opening "Sicilian: Najdorf, Byrne (English) attack"]
[ECO "B90"]
[NIC "SI.14"]
[Time "17:45:12"]
[PlyCount "149"]
[TimeControl "2400+10"]

1. e4 c5 2. Nf3 d6 3. d4 cxd4 4. Nxd4 Nf6 5. Nc3 a6 6. Be3 e6 7. a4 Nbd7 8.
Bc4 Ne5 9. Be2 Be7 10. O-O O-O 11. f4 Nc6 12. a5 Nxa5 13. b4 Nc6 14. b5 Nxd4
15. Bxd4 a5 16. b6 Bd7 17. Kh1 Bc6 18. Qd3 Nd7 19. Qg3 Nf6 20. Qd3 Kh8 21.
Rf3 d5 22. e5 Ne4 23. Rh3 Bb4 24. Bf3 Bxc3 25. Bxe4 dxe4 26. Qxc3 a4 27. Bc5
Re8 28. Bd6 Qxb6 29. Qg3 Qd4 30. Rg1 b5 31. Qh4 h6 32. Qg5 Kh7 33. f5 exf5
34. Qxf5+ Kg8 35. Rf1 Bd5 36. Rg3 Be6 37. Qf6 g6 38. Rxg6+ fxg6 39. Qxg6+
Kh8 40. Qxh6+ Kg8 41. h3 Qa7 42. Rf6 Qh7 43. Qg5+ Kh8 44. Rg6 Rg8 45. Qf6+
Rg7 46. Rh6 a3 47. Bf8 Kg8 48. Rxh7 Rxh7 49. Qxe6+ Kxf8 50. Qd6+ Kg7 51.
Qf6+ Kg8 52. Qg6+ Rg7 53. Qd6 Kh8 54. Qh6+ Kg8 55. Qe6+ Kh7 56. Qf5+ Kg8 57.
Qe6+ Kh7 58. Qf5+ Kg8 59. Qe6+ Kh8 60. Qh6+ Kg8 61. Qe6+ Kh8 62. Qh6+ Kg8
63. Qe6+ Kh7 64. Qf5+ Kg8 65. Qe6+ Kh8 66. Qh6+ Kg8 67. Qe6+ Kh7 68. Qf5+
Kg8 69. Qe6+ Kh8 70. Qh6+ Kg8 71. Qe6+ Kh7 72. Qf5+ Kg8 73. Qe6+ Kh8 74.
Qh6+ Kg8 75. Qe6+ {Game drawn by repetition} 1/2-1/2

[Event "ICC tourney 2833 (40 10)"]
[Site "Internet Chess Club"]
[Date "2022.02.26"]
[Round "5"]
[White "Manley, Nicholas:NickManley1987"]
[Black "Ledas, Armandas:ArmandasLedas"]
[Result "0-1"]
[ICCResult "White checkmated"]
[WhiteElo "1167"]
[BlackElo "1361"]
[Opening "Sicilian: Smith-Morra gambit"]
[ECO "B21"]
[NIC "SI.48"]
[Time "20:00:06"]
[PlyCount "68"]
[TimeControl "2400+10"]

1. e4 c5 2. d4 cxd4 3. c3 dxc3 4. Nxc3 Nc6 5. Nf3 d6 6. Bc4 e5 7. h3 h6 8.
O-O Nf6 9. Be3 Be6 10. Nd5 Be7 11. Qc2 O-O 12. Rac1 Qd7 13. Rfd1 Rac8 14.
Qd2 Nxe4 15. Qd3 Nf6 16. Nxe7+ Nxe7 17. Bb5 Qd8 18. Qe2 Nc6 19. b3 a6 20.
Bxc6 Rxc6 21. Rxc6 bxc6 22. Qxa6 Qd7 23. Rc1 Bd5 24. Nd2 c5 25. Nc4 Rd8 26.
Nb6 Qc6 27. Qa5 Bxg2 28. Nc4 Ra8 29. Qd2 Bxh3 30. f3 Qxf3 31. Nxd6 Qg3+ 32.
Kh1 Ng4 33. Bg1 Qf3+ 34. Qg2 Bxg2# {White checkmated} 0-1

[Event "ICC tourney 2833 (40 10)"]
[Site "Internet Chess Club"]
[Date "2022.02.26"]
[Round "5"]
[White "WILLY, STEPHEN:stephenwilly"]
[Black "ALLEN, SPENCER NATHANIEL:SpencerNA"]
[Result "0-1"]
[ICCResult "White resigns"]
[WhiteElo "1817"]
[BlackElo "1622"]
[Opening "Caro-Kann: two knights variation"]
[ECO "B11"]
[NIC "CK.01"]
[Time "20:00:07"]
[PlyCount "80"]
[TimeControl "2400+10"]

1. e4 c6 2. Nc3 d5 3. Nf3 dxe4 4. Nxe4 Nf6 5. Qe2 Nxe4 6. Qxe4 Nd7 7. Bc4
Nf6 8. Ne5 e6 9. Qe2 b5 10. Nxc6 Qb6 11. Bxb5 Bd7 12. Nxa7 Rxa7 13. Bxd7+
Rxd7 14. c3 Bd6 15. d4 O-O 16. O-O Ra7 17. a4 Qb3 18. a5 Rfa8 19. a6 Qb6 20.
Qf3 h6 21. c4 Bc7 22. Bxh6 Rxa6 23. Qxa8+ Rxa8 24. Rxa8+ Kh7 25. Be3 Qxb2
26. h3 Qc2 27. Rfa1 Qxc4 28. Rc1 Qd5 29. Ra7 Bb6 30. Rxf7 Bxd4 31. Rcc7 Ne8
32. Rcd7 Nd6 33. Rfe7 Bf6 34. Rf7 Qa8 35. Rxd6 Qa1+ 36. Kh2 Qe5+ 37. g3 Qxd6
38. Bf4 e5 39. Be3 e4 40. Kg2 Bd4 {White resigns} 0-1

[Event "ICC tourney 2833 (40 10)"]
[Site "Internet Chess Club"]
[Date "2022.02.26"]
[Round "5"]
[White "OPASKA, MICHAEL:mopaska1106"]
[Black "SARAFUDINOV, ANDREY:whyyoutrysohard"]
[Result "1-0"]
[ICCResult "Black checkmated"]
[WhiteElo "1759"]
[BlackElo "1535"]
[Opening "QGA: 3.Nf3"]
[ECO "D21"]
[NIC "QG.05"]
[Time "20:00:13"]
[PlyCount "33"]
[TimeControl "2400+10"]

1. d4 d5 2. c4 dxc4 3. Nf3 e6 4. e3 c5 5. Bxc4 Nc6 6. O-O Nf6 7. Nc3 a6 8.
d5 Na5 9. b3 b5 10. Be2 Nxd5 11. Bb2 Nxc3 12. Bxc3 Qxd1 13. Rfxd1 Nc6 14. a4
Rb8 15. Ne5 Ne7 16. Ba5 f6 17. Rd8# {Black checkmated} 1-0

[Event "ICC tourney 2833 (40 10)"]
[Site "Internet Chess Club"]
[Date "2022.02.26"]
[Round "5"]
[White "WU, NATHAN:nwazus"]
[Black "Bharathy Mohan, Aarav Sai:aaravbm"]
[Result "1-0"]
[ICCResult "Black resigns"]
[WhiteElo "1152"]
[BlackElo "1004"]
[Opening "Giuoco Pianissimo: Italian four knights variation"]
[ECO "C55"]
[NIC "IG.01"]
[Time "20:00:08"]
[PlyCount "129"]
[TimeControl "2400+10"]

1. e4 e5 2. Nf3 Nc6 3. Bc4 Nf6 4. d3 Bc5 5. Nc3 O-O 6. h3 h6 7. O-O d6 8.
Be3 Bxe3 9. fxe3 Bd7 10. Qd2 a6 11. a3 Nh5 12. Qf2 Qe7 13. Nd5 Qd8 14. Qh4
Qxh4 15. Nxh4 Rac8 16. Nf5 Be6 17. Nfe7+ Nxe7 18. Nxe7+ Kh8 19. Nxc8 Bxc4
20. dxc4 Rxc8 21. Rf5 Nf6 22. Kf2 Nxe4+ 23. Ke1 f6 24. Rf3 Kh7 25. h4 Kg6
26. g4 h5 27. gxh5+ Kxh5 28. Rh3 Kg6 29. Ke2 Kf7 30. Rg1 Rg8 31. Rg4 Nc5 32.
h5 Ne6 33. h6 gxh6 34. Rxg8 Kxg8 35. Rxh6 Kg7 36. Rh1 b6 37. b4 Ng5 38. Rg1
Kf7 39. a4 Ne4 40. Kd3 Ng5 41. a5 bxa5 42. bxa5 Ne6 43. Ke4 Ng5+ 44. Kd5 Ne6
45. Rb1 Ke7 46. Rh1 Nc5 47. Rh7+ Kd8 48. Kc6 Ne6 49. Rf7 Ke8 50. Rxf6 Ke7
51. Rh6 Kf7 52. Kd7 Nf8+ 53. Kxc7 Ne6+ 54. Kxd6 Nd8 55. Kxe5 Ke7 56. Rh7+
Ke8 57. Rh8+ Ke7 58. Rxd8 Kxd8 59. Kd6 Kc8 60. e4 Kd8 61. e5 Ke8 62. Ke6 Kf8
63. Kd7 Kf7 64. e6+ Kf8 65. e7+ {Black resigns} 1-0

[Event "ICC tourney 2833 (40 10)"]
[Site "Internet Chess Club"]
[Date "2022.02.26"]
[Round "5"]
[White "RAMESH, RAHUL:rockinroll"]
[Black "SCHWETKE, DOUGLAS:Bilbo"]
[Result "1-0"]
[ICCResult "Black resigns"]
[WhiteElo "1725"]
[BlackElo "1495"]
[Opening "King's Indian: Torre attack"]
[ECO "A48"]
[NIC "QP.01"]
[Time "20:00:07"]
[PlyCount "133"]
[TimeControl "2400+10"]

1. d4 Nf6 2. Nf3 g6 3. Bg5 Bg7 4. Nbd2 d5 5. e3 O-O 6. Bd3 c5 7. c3 Nc6 8.
O-O b6 9. Qe2 Bb7 10. a4 Qd7 11. Ne5 Nxe5 12. dxe5 Ne8 13. Bf4 f6 14. exf6
Nxf6 15. Rfd1 Rae8 16. Nf3 Nh5 17. Bg3 Nxg3 18. hxg3 e5 19. e4 d4 20. Bc4+
Kh8 21. a5 Re7 22. axb6 axb6 23. Ra7 Qd8 24. Ng5 Qb8 25. Rda1 Bh6 26. Nf3
Qd6 27. Ne1 Qf6 28. Nd3 Bc6 29. Rxe7 Qxe7 30. Ra6 Qc7 31. Qg4 Bd7 32. Qh4
Bg7 33. Qg5 Bc8 34. Ra1 Bf6 35. Qd2 Qc6 36. Bd5 Qd7 37. Ra8 Bg7 38. c4 Qe7
39. b4 Be6 40. Rxf8+ Bxf8 41. Bxe6 Qxe6 42. bxc5 bxc5 43. Qg5 Qxc4 44. Qxe5+
Bg7 45. Qe8+ Qg8 46. Qxg8+ Kxg8 47. Nxc5 Kf7 48. Kf1 Ke7 49. Ke2 Kd6 50. Nb3
Ke5 51. Kd3 Bf8 52. f4+ Kf6 53. Nxd4 Bb4 54. e5+ Kf7 55. Ke4 Be1 56. g4 Bg3
57. f5 gxf5+ 58. gxf5 Bh4 59. g4 Bg5 60. Nf3 Bd8 61. g5 Be7 62. f6 Bc5 63.
Kf5 Be3 64. e6+ Ke8 65. Ne5 Bd4 66. f7+ Ke7 67. Nc6+ {Black resigns} 1-0

[Event "ICC tourney 2833 (40 10)"]
[Site "Internet Chess Club"]
[Date "2022.02.26"]
[Round "5"]
[White "NATHA, NIRAV:K05-15969775"]
[Black "INDUKURI, SUHAS:K01-16887781"]
[Result "1-0"]
[ICCResult "Black checkmated"]
[WhiteElo "1602"]
[BlackElo "1458"]
[Opening "Sicilian defense"]
[ECO "B40"]
[NIC "SI.43"]
[Time "20:00:30"]
[PlyCount "83"]
[TimeControl "2400+10"]

1. e4 c5 2. Nf3 e6 3. d3 Nc6 4. g3 d5 5. Nbd2 Nge7 6. Bg2 g6 7. O-O Bg7 8.
Re1 O-O 9. h4 Qc7 10. Nf1 d4 11. Qe2 e5 12. N3h2 f5 13. f4 Kh8 14. c3 b6 15.
cxd4 Nxd4 16. Qf2 Bb7 17. Nf3 Rad8 18. Nxe5 Bxe5 19. fxe5 fxe4 20. Bf4 exd3
21. e6 Qc8 22. Be5+ Kg8 23. Qd2 Bxg2 24. Qxg2 Nf3+ 25. Kh1 Nxe1 26. Rxe1
Qxe6 27. Bc3 Qf7 28. Qe4 Nd5 29. Qe5 Qf3+ 30. Kh2 Qf2+ 31. Kh3 Qf5+ 32. Qxf5
Rxf5 33. Bd2 Rdf8 34. Nh2 Rf2 35. Bh6 Rd8 36. Ng4 Re2 37. Rd1 Ne7 38. Bg5 d2
39. Rf1 Re1 40. Nh6+ Kg7 41. Rf7+ Kh8 42. Bf6# {Black checkmated} 1-0